 Dungeon Crawl Stone Soup version 0.20.1-1-g8b1a95d (webtiles) character file.

2639 homeworkjunkie the Cleaver (level 9, 0/78 HPs)
             Began as a Hill Orc Fighter on Dec 19, 2017.
             Was a Priest of Okawaru.
             Killed from afar by an electric eel (10 damage)
             ... with a bolt of electricity
             ... on level 9 of the Dungeon.
             The game lasted 00:14:42 (6446 turns).

homeworkjunkie the Cleaver (Hill Orc Fighter)       Turns: 6446, Time: 00:14:42

Health: 0/78       AC: 17    Str: 18 (20) XL:     9   Next: 61%
Magic:  9/9        EV:  5    Int:  8      God:    Okawaru [***...]
Gold:   407        SH: 10    Dex: 12      Spells: 8/8 levels left

rFire    + . .     SeeInvis .   a - +2 war axe
rCold    + . .     Gourm    .   c - +0 shield
rNeg     . . .     Faith    .   u - +0 plate armour
rPois    .         Spirit   .   f - +0 helmet
rElec    .         Reflect  .   r - +0 cloak
rCorr    .         Harm     .   (no gloves)
MR       .....                  i - +0 pair of boots
Stlth    ..........             (no amulet)
Regen    0.3/turn               g - ring of protection from cold
MPRegen  0.2/turn               (no ring)

@: no status effects
A: fangs 1, fire resistance 1, high mp 1, sturdy frame 1
a: Heroism, Renounce Religion


You were on level 9 of the Dungeon.
You worshipped Okawaru.
Okawaru was most pleased with you.
You were not hungry.

You visited 1 branch of the dungeon, and saw 9 of its levels.

You collected 407 gold pieces.

Inventory:

Hand Weapons
 a - a +2 war axe (weapon)
Armour
 c - a +0 shield (worn)
 f - a +0 helmet (worn)
 i - a +0 pair of boots (worn)
 r - a +0 cloak (worn)
 u - a +0 plate armour (worn)
Jewellery
 g - a ring of protection from cold (left hand)
Wands
 n - a wand of acid (14/15)
 s - a wand of digging (5/24)
 t - a wand of paralysis (4/24)
Scrolls
 d - 3 scrolls of remove curse
 e - 2 scrolls of identify
 h - 4 scrolls of recharging
 q - 3 scrolls of blinking
 w - a scroll of teleportation
Potions
 l - a potion of heal wounds
 m - 2 potions of curing
 o - a potion of mutation
 v - a potion of haste
Comestibles
 b - a royal jelly
 j - 5 bread rations
 k - 3 meat rations


   Skills:
 * Level 6.5 Fighting
 * Level 11.5 Axes
 * Level 6.9 Armour
 + Level 1.1 Dodging
 + Level 1.5 Stealth
 * Level 6.6 Shields


You had 8 spell levels left.
You didn't know any spells.

Dungeon Overview and Level Annotations

Branches:
Dungeon (9/15)             Temple (0/1) D:5
   Lair: D:8-11         Orc: D:9-12

Altars:
Ashenzari
Dithmenos
Hepliaklqana
Kikubaaqudgha
Makhleb
Nemelex Xobeh
Okawaru
Qazlal
Ru
Vehumet

Shops:
D:8 [[((


Innate Abilities, Weirdness & Mutations

You have very sharp teeth.
Your flesh is heat resistant. (rF+)
You have an increased reservoir of magic. (+10% MP)
Your movements are slightly less encumbered by armour. (ER -2)


Message History

The electric eel resists with significant effort.
This wand has 6 charges left.
The electric eel shoots out a bolt of lightning at you!
The bolt of electricity hits you!
* * * LOW HITPOINT WARNING * * *
Evoke which item? (* to show all) (? for menu, Esc to quit)
Aiming: Paralyse
Press: ? - help, Shift-Dir - straight line, f/p - electric eel
Aim: an electric eel (chance to defeat MR: 54%)
The electric eel resists with significant effort.
This wand has 5 charges left.
Evoke which item? (* to show all) (? for menu, Esc to quit)
Aiming: Paralyse
Press: ? - help, Shift-Dir - straight line, f/p - electric eel
Aim: an electric eel (chance to defeat MR: 54%)
The electric eel resists with significant effort.
This wand has 4 charges left.
The electric eel shoots out a bolt of lightning at you!
The bolt of electricity hits you!
You die...

#...# #. #...# #.
#...########.
#............
#...........
#...........
#...........
######...........
#@.†.............
#######;#####....
.......≈≈........
...##.≈h≈........
#...≈≈.†......
#.≈≈≈≈≈.≈.....
#.≈..≈.≈...###
....≈..≈≈[...#
...≈.≈...≈≈.(.#


You could see an electric eel.

Vanquished Creatures
  A polar bear (D:9)
  A hornet (D:5)
  The ghost of kalagan the Digger, an amateur GrEE of Ru (D:4)
  Eustachio (D:5)
  A sky beast (D:5)
  5 ice beasts
  An ogre (D:9)
  A necrophage (D:6)
  4 bullfrogs
  A big kobold (D:8)
  Blork the orc (D:5)
  3 crimson imps
  3 hounds
  A centaur skeleton (D:4)
  3 iguanas
  3 orc wizards
  6 worker ants
  A killer bee zombie (D:6)
  A hound skeleton (D:6)
  Robin (D:3)
  3 gnolls (D:6)
  5 adders
  2 shadow imps
  2 oozes
  An adder zombie (D:5)
  An adder skeleton (D:4)
  2 worms
  3 dart slugs
  4 leopard geckos
  15 orcs
  7 giant cockroaches
  7 hobgoblins
  22 jackals
  4 quokkas
  A ball python (D:1)
  6 bats
  6 frilled lizards
  14 goblins
  A jackal zombie (D:8)
  7 kobolds
  2 quokka skeletons
  A quokka zombie (D:5)
  9 rats
165 creatures vanquished.

Vanquished Creatures (others)
  A white imp (D:9)
1 creature vanquished.

Grand Total: 166 creatures vanquished

Notes
Turn   | Place    | Note
-------+----------+-------------------------------------------
     0 | D:1      | homeworkjunkie the Hill Orc Fighter began the quest for the Orb.
     0 | D:1      | Reached XP level 1. HP: 19/19 MP: 1/1
   131 | D:1      | Reached skill level 3 in Axes
   198 | D:1      | Reached XP level 2. HP: 26/27 MP: 2/2
   391 | D:2      | Reached XP level 3. HP: 33/33 MP: 3/3
   405 | D:2      | Found a shattered altar of Ashenzari.
   841 | D:4      | Found an iron altar of Okawaru.
   841 | D:4      | Found a radiant altar of Vehumet.
   841 | D:4      | Found an ancient bone altar of Kikubaaqudgha.
   842 | D:4      | Found a sparkling altar of Nemelex Xobeh.
   849 | D:4      | Became a worshipper of Warmaster Okawaru
   906 | D:5      | Entered Level 5 of the Dungeon
   906 | D:5      | Noticed Blork the orc
   944 | D:3      | Reached XP level 4. HP: 40/40 MP: 4/4
  1051 | D:3      | Reached skill level 4 in Axes
  1090 | D:3      | Noticed Robin
  1104 | D:3      | Reached XP level 5. HP: 19/46 MP: 5/5
  1105 | D:3      | Killed Robin
  1632 | D:4      | Reached skill level 5 in Axes
  2175 | D:2      | Found a stormy altar of Qazlal.
  2222 | D:2      | Gained mutation: You have an increased reservoir of magic. (+10% MP) [potion of mutation]
  2222 | D:2      | Gained mutation: Your movements are slightly less encumbered by armour. (ER -2) [potion of mutation]
  2222 | D:2      | Gained mutation: You have very sharp teeth. [potion of mutation]
  2222 | D:2      | Gained mutation: Your flesh is heat resistant. (rF+) [potion of mutation]
  2271 | D:2      | Found a sacrificial altar of Ru.
  2290 | D:2      | Found a hazy altar of Hepliaklqana.
  2930 | D:4      | Noticed kalagan's ghost (amateur GrEE)
  2944 | D:4      | Killed kalagan's ghost
  2944 | D:4      | Reached * piety under Okawaru
  2944 | D:4      | Reached skill level 6 in Axes
  2944 | D:4      | Reached XP level 6. HP: 53/53 MP: 6/6
  3228 | D:4      | Reached skill level 7 in Axes
  3228 | D:4      | Reached XP level 7. HP: 51/60 MP: 7/7
  3460 | D:5      | Noticed Eustachio
  3477 | D:5      | Killed Eustachio
  3590 | D:5      | Reached skill level 5 in Fighting
  3603 | D:5      | Noticed a hornet
  3625 | D:5      | Killed a hornet
  3625 | D:5      | Reached skill level 8 in Axes
  3625 | D:5      | Reached skill level 5 in Armour
  3625 | D:5      | Reached skill level 5 in Shields
  3625 | D:5      | Reached XP level 8. HP: 42/68 MP: 8/8
  3634 | D:5      | Reached ** piety under Okawaru
  3848 | D:5      | Reached skill level 9 in Axes
  3884 | D:5      | Killed Blork the orc
  3884 | D:5      | Reached skill level 1 in Dodging
  4368 | D:5      | Found a staircase to the Ecumenical Temple.
  4896 | D:6      | Reached skill level 10 in Axes
  5610 | D:7      | Reached XP level 9. HP: 75/75 MP: 9/9
  5646 | D:7      | Found a burning altar of Makhleb.
  5654 | D:7      | Reached skill level 1 in Stealth
  5719 | D:7      | Found a sparkling altar of Nemelex Xobeh.
  5745 | D:8      | Found a shadowy altar of Dithmenos.
  5789 | D:8      | Found Dubbyliaff's Antique Weapon Emporium.
  5815 | D:8      | Reached *** piety under Okawaru
  5851 | D:8      | Found Fyethruw's Weapon Emporium.
  5893 | D:8      | Found Egoriump's Antique Armour Shop.
  5912 | D:8      | Found Cetithi's Antique Armour Boutique.
  6202 | D:8      | Reached skill level 11 in Axes
  6423 | D:9      | Noticed a polar bear
  6441 | D:9      | Killed a polar bear
  6446 | D:9      | Killed from afar by an electric eel

Skill      XL: |  1  2  3  4  5  6  7  8  9 |
---------------+----------------------------+-----
Axes           | 3 4 6 7 8 10 11 | 11.5
Fighting       | 4 5 6 |  6.5
Armour         | 4 5 6 |  6.9
Shields        | 4 5 6 |  6.6
Dodging        | 1 |  1.1
Stealth        | 1 |  1.5

Action                   |  1- 3 |  4- 6 |  7- 9 || total
-------------------------+-------+-------+-------++-------
Melee: War axe           |   113 |   163 |   306 ||   582
       Bite              |       |     6 |    34 ||    40
Evoke: Wand              |       |       |     6 ||     6
  Use: Scroll            |     4 |     2 |     9 ||    15
       Potion            |       |     8 |    11 ||    19
 Stab: Invisible         |       |       |     1 ||     1
       Paralysed         |       |       |     7 ||     7
  Eat: Fruit             |       |     4 |     3 ||     7
       Bread ration      |       |     1 |     1 ||     2
       Royal jelly       |       |       |     2 ||     2
       Chunk             |       |       |     2 ||     2
Armor: Scale mail        |    41 |       |       ||    41
       Chain mail        |     9 |   104 |   154 ||   267
       Plate armour      |       |       |    22 ||    22
Dodge: Dodged            |    46 |    53 |    74 ||   173
Block: Shield            |    71 |    87 |   149 ||   307
